 Dungeon Crawl Stone Soup version 0.19.5 (webtiles) character file.

325 ekdrah the Chopper (level 6, 0/88 HPs)
             Began as a Troll Berserker on Mar 24, 2017.
             Was a Believer of Trog.
             Slain by Purgy (8 damage)
             ... on level 4 of the Dungeon.
             The game lasted 00:09:20 (2513 turns).

ekdrah the Chopper (Troll Berserker)                Turns: 2513, Time: 00:09:21

Health: 0/88       AC:  5    Str: 33    XL:     6   Next: 24%
Magic:  5/5        EV: 10    Int:  3    God:    Trog [**....]
Gold:   156        SH:  0    Dex:  9    Spells: 0 memorised, 5 levels left

rFire  . . .     SeeInvis .     a - +0 hand axe
rCold  . . .     Gourm    +     b - +0 animal skin
rNeg   . . .     Faith    .     (no shield)
rPois  .         Spirit   .     (helmet restricted)
rElec  .         Reflect  .     (no cloak)
rCorr  .         Harm     .     (gloves unavailable)
MR     .....                    (boots unavailable)
Stlth  ..........               (no amulet)
                                (no ring)
                                (no ring)

@: berserking, very quick
A: unfitting armour, claws 3, fast metabolism 3, gourmand, regeneration 1,
shaggy fur 1, tough skin 2
a: Berserk, Trog's Hand, Burn Spellbooks, Renounce Religion


You were on level 4 of the Dungeon.
You worshipped Trog.
Trog was pleased with you.
You were very full.

You visited 1 branch of the dungeon, and saw 4 of its levels.

You collected 156 gold pieces.

Inventory:

Hand Weapons
 a - a +0 hand axe (weapon)
 A - a +0 flail of crushing
Armour
 b - a +0 animal skin (worn)
Magical Staves
 w - an uncursed staff of summoning {unknown}
Jewellery
 l - an uncursed ring of protection from magic {unknown}
 t - an uncursed ring of protection from magic {unknown}
 z - a +4 ring of strength {unknown}
Wands
 u - a wand of iceblast (5/15)
Scrolls
 d - a scroll of remove curse {unknown}
 e - 2 scrolls of fog {unknown}
 k - 2 scrolls of immolation {unknown}
 m - 2 scrolls of enchant armour {unknown}
 n - a scroll of identify {unknown}
 o - a scroll of teleportation {unknown}
 s - 2 scrolls of amnesia {unknown}
 y - a scroll of recharging {unknown}
Potions
 i - 3 potions of flight {unknown}
 j - a potion of ambrosia {unknown}
 p - a potion of magic {unknown}
 r - a potion of brilliance {unknown}
 v - a potion of might {unknown}
 x - a potion of heal wounds {unknown}
Comestibles
 c - 3 bread rations
 f - a beef jerky
 g - 2 slices of pizza
 h - 3 meat rations
 q - 2 fruits
 B - 2 chunks of flesh


   Skills:
 - Level 2.6 Fighting
 + Level 5.5 Axes
 - Level 2.8 Dodging


You had 5 spell levels left.
You didn't know any spells.

Dungeon Overview and Level Annotations

Branches:
Dungeon (4/15)
 Temple: D:4-7

Altars:

Annotations:
D:4 Purgy


Innate Abilities, Weirdness & Mutations

You are too large for most types of armour.
You have claws for hands.
Your metabolism is lightning-fast.
You like to eat raw meat.
Your natural rate of healing is unusually fast.
You are covered in fur. (AC +1)
You have very tough skin. (AC +2)


Message History

Purgy misses you.
You slash Purgy!
Purgy is moderately wounded.
Purgy bites you!
* * * LOW HITPOINT WARNING * * *
Purgy claws you.
* * * LOW HITPOINT WARNING * * *
Purgy claws you.
* * * LOW HITPOINT WARNING * * *
You barely miss Purgy.
Purgy is moderately wounded.
You barely miss Purgy.
Purgy is moderately wounded.
Purgy bites you.
* * * LOW HITPOINT WARNING * * *
Purgy closely misses you. Purgy claws you but does no damage.
You slash Purgy!
Purgy is severely wounded.
Purgy bites you!
You die...

#.#.# #.#...... #.#.#
#.#<..... #####.#.#
#.##..... .....#.#
#.['..... ###..#.#
####..... #......# #.....
#......# #.....
.##......##################
........ST@................
.##......###.##############
###.........# #......#..#
#......#..# #......#..#
#......#..# #......#..#
#......#..#


You could see Purgy and an adder.

Vanquished Creatures
  Edmund (D:4)
  A hound (D:4)
  7 adders
  4 gnolls (D:3)
  An ooze (D:2)
  A dart slug (D:1)
  A leopard gecko (D:4)
  5 orcs
  2 ball pythons
  5 giant cockroaches
  9 hobgoblins
  2 jackals (D:2)
  A quokka (D:3)
  3 bats
  2 frilled lizards (D:1)
  4 goblins
  10 kobolds
  5 rats
64 creatures vanquished.

Notes
Turn   | Place    | Note
-------+----------+-------------------------------------------
     0 | D:1      | ekdrah the Troll Berserker began the quest for the Orb.
     0 | D:1      | Reached XP level 1. HP: 22/22 MP: 0/0
   298 | D:1      | Reached XP level 2. HP: 28/29 MP: 1/1
   840 | D:2      | Reached XP level 3. HP: 36/36 MP: 2/2
   896 | D:2      | Reached skill level 3 in Axes
   898 | D:2      | Reached ** piety under Trog
  1412 | D:3      | Reached XP level 4. HP: 42/44 MP: 3/3
  1498 | D:3      | Reached skill level 4 in Axes
  1598 | D:3      | Reached XP level 5. HP: 8/50 MP: 4/4
  1600 | D:3      | HP: 2/75 [gnoll/spear (3)]
  1605 | D:3      | HP: 1/50 [poisoned by a kobold]
  2304 | D:4      | Noticed Edmund
  2319 | D:4      | Killed Edmund
  2319 | D:4      | Reached skill level 5 in Axes
  2319 | D:4      | Reached XP level 6. HP: 59/59 MP: 5/5
  2472 | D:4      | Noticed Purgy
  2513 | D:4      | Slain by Purgy

Skill      XL: |  1  2  3  4  5 |
---------------+----------------+-----
Axes           | 3 4 5 |  5.5
Fighting       | |  2.6
Dodging        | |  2.8

Action                   |  1- 3 |  4- 6 || total
-------------------------+-------+-------++-------
Melee: Hand axe          |   143 |   135 ||   278
Invok: Berserk           |       |     3 ||     3
 Stab: Sleeping          |     1 |       ||     1
  Eat: Chunk             |    18 |    13 ||    31
Armor: Animal skin       |    60 |    47 ||   107
Dodge: Dodged            |    65 |    98 ||   163
